 Dungeon Crawl Stone Soup version 0.31.0-12-g77e489cdc1 (webtiles) character file.

Game seed: 4075399679568044955

39 Peloso the Covered (level 3, 33/33 HPs)
             Began as a Minotaur Fighter on Feb 23, 2024.
             Got out of the dungeon alive.
             The game lasted 00:01:22 (1050 turns).

Peloso the Covered (Minotaur Fighter)               Turns: 1050, Time: 00:01:22

Health: 33/33      AC:  9    Str: 19 (20) XL:     3   Next: 26%
Magic:  1/1        EV:  7    Int:  3 (5)  God:
Gold:   64         SH:  4    Dex:  9 (11) Spells: 2/2 levels left

rFire   . . .        a - +0 long sword
rCold   . . .        d - +0 buckler
rNeg    . . .        c - +0 chain mail
rPois   .            (helmet restricted)
rElec   .            (no cloak)
rCorr   .            (no gloves)
SInv    .            (no boots)
Will    .....        (no amulet) Stlth
                     (no ring)
HPRegen 0.25/turn    (no ring)
MPRegen 0.07/turn

%: no passive effects
@: no status effects
A: horns 2, retaliatory headbutt, low MP 1
a: no special abilities


You escaped.
You visited 1 branch of the dungeon, and saw 2 of its levels.

You collected 64 gold pieces.

Inventory:

Hand Weapons
 a - a +0 long sword (weapon)
Armour
 b - a +0 scale mail
 c - a +0 chain mail (worn)
 d - a +0 buckler (worn)
Potions
 e - a potion of heal wounds
 f - a potion of might
 h - a potion of curing {unknown}


   Skills:
 + Level 3.8 Fighting
 + Level 3.1 Long Blades
 + Level 4.4 Armour
 + Level 4.0 Shields


You had 2 spell levels left.
You didn't know any spells.
Your spell library contained the following spells:

 Spells                   Type           Power      Damage    Failure   Level
 Ensorcelled Hibernation  Hex/Ice        0%         N/A       100%        2
 Fugue of the Fallen      Necr           0%         N/A       100%        3
 Anguish                  Hex/Necr       0%         N/A       100%        4


Dungeon Overview and Level Annotations

Branches:
Dungeon (2/15)

Altars:
Elyvilon


Innate Abilities, Weirdness & Mutations

You have a pair of horns on your head.
You reflexively headbutt those who attack you in melee.
Your magical capacity is low. (-10% MP)


Message History

You hit the giant cockroach but do no damage.
You headbutt the giant cockroach.
You kill the giant cockroach!
The quokka barely misses you.
The quokka bites you but does no damage. x2
You see here a giant cockroach corpse.
You block the quokka's attack.
You slash the quokka!
You kill the quokka!
There is an open door here.
There is an open door here.
As you open the door, it creaks loudly!
There is an open door here.
Done exploring.
Done exploring.
Done exploring.
Done exploring.
As you read the scroll labelled NOIFU DO ITT, it crumbles to dust.
It is a scroll of identify.
e - a potion of heal wounds It was a potion of degeneration.
There was something very wrong with that liquid.
You feel weakened.
You feel dopey.
You feel clumsy.
You drop a potion of degeneration.
It was a potion of mutation.
You feel extremely strange.
You feel robust.
You feel less energetic.
You feel frail.
What level of the Dungeon? (default 1, ? - help)
You see here a potion of degeneration.
There is an open door here.
There is an open door here.
There is a stone staircase leading up here.
You climb upwards.
There is a stone staircase leading down here.
There is a stone staircase leading down here.
There is a stone staircase leading down here.
You open the door.
There is an open door here.
There is an open door here.
There is a staircase leading out of the dungeon here.
You have escaped!

.............# #.#
#.........#### #.#
#.....####.#######.#
...... #.........#
...... #.###'###'##
...... #.##...#...#
##.## ...#...#.>.#
#####...#...#
#.@.#.>.# #...#...#
#...#.>.# #...#...#
##+###+##


There were no monsters in sight!

Vanquished Creatures
  An adder (D:2)
  3 ribbon worms (D:2)
  A ball python (D:2)
  2 endoplasms (D:2)
  4 giant cockroaches (D:2)
  5 hobgoblins (D:2)
  2 quokkas (D:2)
  A bat (D:2)
  A rat (D:2)
20 creatures vanquished.

Notes
Turn   | Place    | Note
-------+----------+-------------------------------------------
     0 | D:1      | Peloso the Minotaur Fighter began the quest for the Orb.
     0 | D:1      | Reached XP level 1. HP: 19/19 MP: 0/0
    20 | D:1      | You fall into a shaft and drop 1 floor!
   213 | D:2      | Reached XP level 2. HP: 19/27 MP: 1/1
   299 | D:2      | Found a white marble altar of Elyvilon.
   715 | D:2      | Reached XP level 3. HP: 24/33 MP: 2/2
   947 | D:2      | Gained mutation: You are robust. (+10% HP) [potion of
                  | mutation]
   947 | D:2      | Gained mutation: Your magical capacity is low. (-10% MP)
                  | [potion of mutation]
   947 | D:2      | Lost mutation: You are robust. (+10% HP) [potion of
                  | mutation]
  1050 | D:$      | Got out of the dungeon alive.

Illustrated notes

Levels and vault maps discovered:
D:1:      minmay_arrival_up_and_down, layout_basic, serial_shops,
          nicolae_shop_bloodbath_and_beyond
D:2:      layout_basic, basic_altar

Skill      XL: |  1  2 |
---------------+-------+-----
Armour         | 4 |  4.4
Shields        | 4 |  4.0
Long Blades    | 3 |  3.1
Fighting       | |  3.8

Action                     || total
---------------------------++-------
  Melee: Long sword        ||    52
         Headbutt          ||     7
    Use: Potion            ||     2
         Scroll            ||     1
 Armour: Scale mail        ||    10
         Chain mail        ||    28
  Dodge: Dodged            ||    21
  Block: Buckler           ||    14
